 Dungeon Crawl Stone Soup version 0.29.1-2-gbd0b4ee654 (webtiles) character file.

Game seed: 9213920405846508116

51338 wingedge the Zephyrmancer (level 14, -4/115 HPs)
             Began as a Purple Draconian Air Elementalist on Nov 15, 2022.
             Was a High Priest of Sif Muna.
             Slain by a fire crab (7 damage)
             ... on level 5 of the Lair of Beasts.
             The game lasted 01:16:11 (20943 turns).

wingedge the Zephyrmancer (DrAE)                   Turns: 20943, Time: 01:16:11

Health: -4/115     AC:  9    Str: 19    XL:     14   Next: 23%
Magic:  18/28      EV: 13    Int: 33    God:    Sif Muna [*****.]
Gold:   1531       SH:  0    Dex: 16    Spells: 7/33 levels left

rFire   . . .      SeeInvis .   a - +8 trident (venom)
rCold   + . .      Faith    +   A - +3 buckler
rNeg    + . .      Spirit   .   (body armour unavailable)
rPois   .          Reflect  .   z - +2 hat {Int+3}
rElec   +          Harm     .   Y - +0 cloak {rCorr}
rCorr   +          Rampage  .   I - +0 pair of gloves {hurl}
Will    +++..                   n - +0 pair of boots "Ruaciet" {rElec rC+ rN+ Dex+4}
Stlth   +.........              j - amulet of faith
HPRegen 0.29/turn               e - ring of Ulautef {*Corrode rElec Str+6 Int+6}
MPRegen 0.21/turn               X - ring "Likhleher" {Will+ Int+6}

@: confused, lethally poisoned (-4 -> -10), ambrosia-drunk, wereblooded
(expiring), corroded, very slightly contaminated, invisible
A: breathe power, AC +8, unfitting armour, cold-blooded
a: Breathe Dispelling Energy, Renounce Religion, Channel Magic, Forget Spell,
Divine Exegesis


You were on level 5 of the Lair of Beasts.
You worshipped Sif Muna.
Sif Muna was extremely pleased with you.
You visited 3 branches of the dungeon, and saw 16 of its levels.
You also visited: Sewer and Gauntlet.

You collected 1531 gold pieces.

Inventory:

Hand Weapons
 a - a +8 trident of venom (weapon)
 o - the +8 short sword of Disadyupn {vorpal, *Noise rC++ Dex+3}
   (You found it on level 4 of the Lair of Beasts)

   It inflicts extra damage upon your enemies.
   Dex:       It affects your dexterity (+3).
   rC:        It greatly protects you from cold.
   *Noise:    It may make noises in combat.
 Z - the +5 halberd of the Hungering Wasp {vorpal, rElec}
   (You took it off a minotaur in a Gauntlet)

   It inflicts extra damage upon your enemies.
   rElec:     It insulates you from electricity.
Missiles
 f - 4 curare-tipped darts
 y - 11 javelins (quivered)
 R - a throwing net
Armour
 n - the +0 pair of boots "Ruaciet" (worn) {rElec rC+ rN+ Dex+4}
   (You acquired it in a sewer)

   Dex:       It affects your dexterity (+4).
   rC:        It protects you from cold.
   rElec:     It insulates you from electricity.
   rN:        It protects you from negative energy.
 z - a +2 hat of intelligence (worn)
 A - a +3 buckler (worn)
 I - a +0 pair of gloves of hurling (worn)
 Y - a +0 cloak of preservation (worn)
Magical Staves
 b - a staff of poison
 c - a staff of earth
 C - a staff of air
 G - a staff of death
Jewellery
 e - the ring of Ulautef (left hand) {*Corrode rElec Str+6 Int+6}
   (You acquired it in a sewer)

   [ring of strength]

   Str:       It affects your strength (+6).
   Int:       It affects your intelligence (+6).
   rElec:     It insulates you from electricity.
   *Corrode:  It may corrode you when you take damage.
 j - an amulet of faith (around neck)
 p - a ring of positive energy
 q - a ring of see invisible
 w - a ring of ice
 V - a ring of wizardry
 X - the ring "Likhleher" (right hand) {Will+ Int+6}
   (You found it in a Gauntlet)

   [ring of intelligence]

   Int:       It affects your intelligence (+6).
   Will:      It increases your willpower.
Wands
 l - a wand of paralysis (20)
 E - a wand of iceblast (29)
 F - a wand of digging (14)
 O - a wand of acid (12)
Scrolls
 d - 2 scrolls of fear
 i - 2 scrolls of immolation
 m - 2 scrolls of silence
 r - 3 scrolls of vulnerability
 x - 2 scrolls of amnesia
 B - 2 scrolls of poison
 J - a scroll of blinking
 L - 5 scrolls of fog
 P - 3 scrolls of magic mapping
 T - a scroll of teleportation
 U - a scroll of brand weapon
Potions
 g - 2 potions of haste
 h - 3 potions of attraction
 k - 4 potions of curing
 s - 4 potions of might
 t - a potion of cancellation
 u - a potion of invisibility
 v - 6 potions of mutation
 D - 3 potions of flight
 H - 2 potions of brilliance
 K - 5 potions of lignification
 M - a potion of resistance {unknown}
 N - a potion of berserk rage {unknown}
 Q - a potion of magic
 S - 2 potions of ambrosia
 W - a potion of heal wounds


   Skills:
 - Level 8.0 Fighting
 - Level 4.0 Polearms
 - Level 4.0 Dodging
 - Level 2.0 Stealth
 - Level 4.0 Shields
 + Level 3.3 Unarmed Combat
 - Level 10.0 Spellcasting
 - Level 9.0 Conjurations
 - Level 4.0 Hexes
 - Level 4.0 Summonings
 + Level 12.0 Transmutations
 - Level 13.0 Air Magic
 - Level 7.0 Invocations


You had 7 spell levels left.
You knew the following spells:

 Your Spells              Type           Power      Damage    Failure   Level
a - Storm Form            Tmut/Air       39%        N/A       19%         7
d - Fulminant Prism       Conj/Hex       28%        3d14      2%          4
e - Irradiate             Conj/Tmut      36%        3d23      1%          5
f - Airstrike             Air            40%        2d(6-22)  1%          4
g - Summon Lightning Spi  Summ/Air       64%        N/A       1%          4
h - Wereblood             Tmut           77%        N/A       1%          2

Your spell library contained the following spells:

 Spells                   Type           Power      Damage    Failure   Level
 Magic Dart               Conj           100%       1d8       1%          1
 Shock                    Conj/Air       100%       1d9       1%          1
 Passwall                 Tmut/Erth      45%        N/A       1%          2
 Searing Ray              Conj           100%       2d8       1%          2
 Static Discharge         Conj/Air       73%        3-13/arc  1%          2
 Call Canine Familiar     Summ           42%        N/A       1%          3
 Swiftness                Air            80%        N/A       1%          3
 Lightning Bolt           Conj/Air       36%        1d54      1%          5
 Ensorcelled Hibernation  Hex/Ice        58%        N/A       2%          2
 Necrotise                Necr           64%        1d7       3%          1
 Ice Form                 Ice/Tmut       54%        N/A       3%          4
 Petrify                  Tmut/Erth      54%        N/A       3%          4
 Portal Projectile        Hex/Tloc       58%        N/A       4%          3
 Freezing Cloud           Conj/Ice/Air   30%        6-21      4%          5
 Sublimation of Blood     Necr           16%        N/A       5%          2
 Flame Wave               Conj/Fire      46%        2d12      5%          4
 Hailstorm                Conj/Ice       46%        3d11      5%          4
 Sticky Flame             Conj/Fire      46%        2d6       5%          4
 Alistair's Intoxication  Tmut/Pois      36%        N/A       9%          5
 Frozen Ramparts          Ice            32%        1d5       11%         3
 Gell's Gravitas          Tloc           16%        N/A       11%         3
 Teleport Other           Tloc           16%        N/A       11%         3
 Vampiric Draining        Necr           16%        2d7       11%         3
 Leda's Liquefaction      Hex/Erth       14%        N/A       16%         4
 Summon Ice Beast         Ice/Summ       29%        N/A       16%         4
 Animate Dead             Necr           16%        N/A       34%         4
 Dispel Undead            Necr           16%        3d10      34%         4
 Eringya's Noxious Bog    Tmut/Pois      27%        N/A       43%         6
 Starburst                Conj/Fire      23%        6d8       65%         6
 Agony                    Necr           16%        N/A       69%         5
 Borgnjor's Vile Clutch   Necr/Erth      8%         N/A       69%         5
 Death Channel            Necr           8%         N/A       99%         6
 Dispersal                Tloc           8%         N/A       99%         6
 Simulacrum               Ice/Necr       8%         N/A       99%         6
 Summon Hydra             Summ           21%        N/A       99%         7
 Maxwell's Capacitive Co  Air            40%        ∞         75%         8
 Polar Vortex             Ice            8%         N/A       100%        9


Dungeon Overview and Level Annotations

Branches:
Dungeon (10/15)            Temple (1/1) D:5            Lair (5/5) D:9
  Swamp (0/4) Lair:3        Snake (0/4) Lair:2        Sewer (visited)
Gauntlet (visited)
  Slime: Lair:4-5       Orc: D:9-12

Altars:
Ashenzari
Cheibriados
Dithmenos
Elyvilon
Fedhas
Gozag
Hepliaklqana
Kikubaaqudgha
Makhleb
Nemelex Xobeh
Okawaru
Qazlal
Ru
Sif Muna
Trog
Uskayaw
Vehumet
Wu Jian
Xom
Yredelemnul
Zin
The Shining One


Innate Abilities, Weirdness & Mutations

You can breathe bolts of dispelling energy.
Your rich purple scales are hard. (AC +8)
You cannot fit into any form of body armour.
You are cold-blooded and may be slowed by cold attacks.


Message History

The fire crab claws you!
* * * LOW HITPOINT WARNING * * *
Your corrosive artefact corrodes you!
You are engulfed in flames!
* * * LOW HITPOINT WARNING * * *
Okay, then.
Press: ? - help, v - describe, . - travel, g - get item
Here: a fire crab
Items here: +0 steam dragon scales; a steam dragon corpse.
The floor, spattered with blood.
You fade into invisibility!
The komodo dragon bites you but does no damage.
The fire crab barely misses you.
The fire crab claws you but does no damage.
Unknown command.
You are confused.
You feel invigorated. The black mamba barely misses you.
The komodo dragon bites you but does no damage.
The black mamba bites you!
* * * LOW HITPOINT WARNING * * *
You are lethally poisoned!
The black mamba poisons you! The fire crab closely misses you.
The fire crab claws you but does no damage.
You impale the black mamba!!
The black mamba looks as sick as possible!
The black mamba is severely wounded.
You feel very sick. The black mamba closely misses you.
The komodo dragon completely misses you.
The fire crab barely misses you. The fire crab misses you.
The black mamba misses you.
You puncture the black mamba!
You feel a bit better.
You kill the black mamba!
Sif Muna accepts your kill.
You see here Sif Muna's Disquisition on Fog and the Figure {god gift}.
Sif Muna grants you a gift!
You feel very sick. The komodo dragon bites you!
* * * LOW HITPOINT WARNING * * *
The fire crab bites you!
You die...

#.........P#...#
.......#...#...#
..........#....#
.......†.......#
........†....###
.[.....#......#
............###
.......#.t†#.#
..°...P.†l@.##
...........##
...........#
............
...#...##
...#### ..


You could see a fire crab (unable to see you) and a komodo dragon (unable to see
you).

Vanquished Creatures
  Gastronok (D:9)
  A minotaur (Gauntlet)
  Fannar (Lair:3)
  Josephine (D:10)
  3 boulder beetles
  A two-headed ogre (D:9)
  Urug (Lair:3)
  4 death yaks
  Amaemon (Lair:1)
  The ghost of cdecastro the Destroyer, a novice TeCj of Vehumet (D:8)
  A sixfirhy (Gauntlet)
  Pikel (D:7)
  12 elephants
  2 moths of wrath (Gauntlet)
  5 black mambas
  A molten gargoyle (D:10)
  A gargoyle (D:10)
  5 cane toads
  An orange demon (Lair:1)
  Maggie (D:10)
  2 minotaur zombies (Gauntlet)
  6 rime drakes
  3 komodo dragons
  2 trolls (D:9)
  A polar bear (Lair:5)
  A hornet (D:9)
  7 dream sheep
  22 blink frogs
  A vampire (D:10)
  4 wyverns
  2 spriggans
  3 basilisks
  4 wraiths
  15 yaks
  3 steam dragons
  A vampire mosquito (D:9)
  Eustachio (D:5)
  4 nagas (Lair:2)
  Edmund (D:4)
  An acid dragon (D:10)
  A hell hound (Lair:5)
  17 water moccasins
  5 ice beasts
  An orc warrior (D:10)
  2 sky beasts
  2 black bears
  An ogre (D:6)
  15 wolves
  3 centaurs
  3 lemures (D:7)
  7 kobold brigands
  12 bullfrogs
  A gnoll sergeant (D:7)
  2 scorpions (D:6)
  A necrophage (D:8)
  10 wights
  13 killer bees
  4 electric eels
  6 howler monkeys
  A hound (D:6)
  Crazy Yiuf (D:4)
  4 jellies
  Jessica (D:2)
  A gnoll bouda (D:6)
  A hell rat (Lair:2)
  2 iguanas
  7 orc wizards
  Ijyb (D:5)
  9 gnolls
  9 adders
  2 shadow imps (D:6)
  A white imp (D:6)
  5 ufetubi
  2 dart slugs
  29 orcs
  7 ball pythons
  17 bats
  6 endoplasms
  3 giant cockroaches
  12 goblins
  6 hobgoblins
  5 jackals
  3 quokkas
  3 frilled lizards
  26 kobolds
  11 rats
410 creatures vanquished.

Vanquished Creatures (collateral kills)
  A boulder beetle (D:9)
  A catoblepas (Lair:5)
  2 two-headed ogres
  2 death yaks (Lair:4)
  5 elephants
  4 cane toads
  A torpor snail (Gauntlet)
  A rime drake (Lair:3)
  A polar bear (Lair:5)
  A hornet (D:9)
  3 blink frogs
  4 yaks
  A wyvern (Lair:3)
  3 water moccasins
  2 black bears (D:9)
  4 wolves (Lair:3)
  A kobold brigand (D:9)
  An orc priest (D:10)
  3 orc wizards (D:10)
  3 hell rats (Lair:2)
44 creatures vanquished.

Vanquished Creatures (others)
  A blink frog (Lair:5)
  A water moccasin (Lair:5)
  55 fulminant prisms
  79 fungi
  68 plants
204 creatures vanquished.

Grand Total: 658 creatures vanquished

Notes
Turn   | Place    | Note
-------+----------+-------------------------------------------
     0 | D:1      | wingedge the Draconian Air Elementalist began the quest for
                  | the Orb.
     0 | D:1      | Reached XP level 1. HP: 14/14 MP: 3/3
   699 | D:1      | Reached XP level 2. HP: 20/20 MP: 0/5
   811 | D:1      | Found a faded altar of an unknown god.
   911 | D:2      | Reached skill level 1 in Fighting
  1014 | D:2      | Reached skill level 1 in Polearms
  1014 | D:2      | Reached XP level 3. HP: 28/28 MP: 2/6
  1099 | D:2      | Noticed Jessica
  1105 | D:2      | Killed Jessica
  1297 | D:2      | Reached XP level 4. HP: 34/35 MP: 7/7
  2157 | D:3      | Learned a level 2 spell: Static Discharge
  2836 | D:3      | Reached XP level 5. HP: 41/41 MP: 1/8
  3042 | D:4      | Noticed a sky beast
  3078 | D:3      | Killed a sky beast
  3079 | D:3      | Reached XP level 6. HP: 11/50 MP: 5/9
  3347 | D:4      | Identified 4 scrolls of acquirement
  3359 | D:4      | Acquired a book of Conjurations
  3364 | D:4      | Learned a level 2 spell: Searing Ray
  3456 | D:4      | Found a glowing drain.
  3465 | Sewer    | Entered a sewer
  3789 | Sewer    | Identified the +2 helmet "Inyk" {rPois}
  3869 | Sewer    | Your scales start taking on a rich purple colour.
  3869 | Sewer    | Reached XP level 7. HP: 40/57 MP: 1/12
  3873 | Sewer    | Reached skill level 5 in Conjurations
  4109 | Sewer    | Acquired the ring of Ulautef {*Corrode rElec Str+6 Int+6}
  4116 | Sewer    | Acquired a book of Unlife
  4118 | Sewer    | Acquired the +0 pair of boots "Ruaciet" {rElec rC+ rN+
                  | Dex+4}
  4449 | D:4      | Noticed Edmund
  4461 | D:4      | Killed Edmund
  4773 | D:4      | Found a runed translucent door.
  4774 | D:4      | Noticed Crazy Yiuf
  4781 | D:4      | Killed Crazy Yiuf
  4852 | D:5      | Entered Level 5 of the Dungeon
  4950 | D:5      | Noticed Eustachio
  4960 | D:5      | Killed Eustachio
  4961 | D:5      | Reached XP level 8. HP: 66/66 MP: 8/13
  5155 | D:5      | Learned a level 4 spell: Fulminant Prism
  5158 | D:5      | Found a staircase to the Ecumenical Temple.
  5164 | Temple   | Entered the Ecumenical Temple
  5177 | Temple   | Became a worshipper of Sif Muna the Loreminder
  5412 | D:5      | Noticed Ijyb
  5421 | D:5      | Killed Ijyb
  5586 | D:5      | Acquired 436 gold pieces
  6966 | D:6      | Reached XP level 9. HP: 44/71 MP: 2/15
  7097 | D:6      | Reached * piety under Sif Muna
  7165 | D:6      | Reached skill level 1 in Invocations
  7171 | D:6      | Learned a level 5 spell: Irradiate
  7244 | D:6      | Reached skill level 1 in Transmutations
  7865 | D:7      | Found a sparkling altar of Nemelex Xobeh.
  7865 | D:7      | Found a shimmering altar of Xom.
  8253 | D:7      | Reached skill level 1 in Shields
  8253 | D:7      | Reached skill level 5 in Transmutations
  8533 | D:7      | Reached ** piety under Sif Muna
  8534 | D:7      | Noticed Pikel
  8545 | D:7      | Killed Pikel
  8546 | D:7      | Reached skill level 5 in Fighting
  8546 | D:7      | Reached skill level 5 in Spellcasting
  8546 | D:7      | Reached XP level 10. HP: 63/81 MP: 1/18
  9103 | D:8      | Noticed cdecastro's ghost (novice TeCj)
  9128 | D:8      | Found a bloodstained altar of Trog.
  9155 | D:8      | Found a runed translucent door.
  9174 | D:8      | Killed cdecastro's ghost
  9219 | D:8      | Learned a level 4 spell: Airstrike
  9664 | D:8      | Reached *** piety under Sif Muna
  9691 | D:8      | Found a radiant altar of Vehumet.
  9716 | D:8      | Learned a level 4 spell: Summon Lightning Spire
 10295 | D:9      | Noticed Gastronok
 10317 | D:9      | Killed Gastronok
 10318 | D:9      | Reached skill level 1 in Summonings
 10318 | D:9      | Reached skill level 4 in Air Magic
 10347 | D:9      | Noticed a two-headed ogre
 10361 | D:9      | Killed a two-headed ogre
 10362 | D:9      | Reached skill level 5 in Invocations
 10362 | D:9      | Reached XP level 11. HP: 45/89 MP: 4/21
 10565 | D:9      | Learned a level 2 spell: Wereblood
 10672 | D:9      | Reached skill level 5 in Air Magic
 10911 | D:9      | Noticed a two-headed ogre
 10919 | D:9      | Killed a two-headed ogre
 11049 | D:9      | Reached skill level 6 in Air Magic
 11297 | D:9      | Noticed a boulder beetle
 11310 | D:9      | Killed a boulder beetle
 11311 | D:9      | Reached skill level 7 in Air Magic
 11480 | D:9      | Found a staircase to the Lair.
 11722 | D:9      | Reached skill level 8 in Air Magic
 11787 | D:9      | Reached **** piety under Sif Muna
 12053 | D:10     | Entered Level 10 of the Dungeon
 12413 | D:10     | Noticed Josephine
 12427 | D:10     | Killed Josephine
 12428 | D:10     | Reached skill level 9 in Air Magic
 12542 | D:10     | Noticed a two-headed ogre
 12569 | D:10     | Killed a two-headed ogre
 13073 | D:10     | Found a hazy altar of Hepliaklqana.
 13075 | D:10     | Found a faded altar of an unknown god.
 13207 | D:10     | Noticed Maggie
 13211 | D:10     | Killed Maggie
 13212 | D:10     | Reached skill level 10 in Air Magic
 13653 | Lair:1   | Entered Level 1 of the Lair of Beasts
 13745 | Lair:1   | Reached XP level 12. HP: 96/96 MP: 16/22
 14094 | Lair:1   | Noticed Amaemon
 14122 | Lair:1   | Killed Amaemon
 14122 | Lair:1   | Reached ***** piety under Sif Muna
 14900 | Lair:2   | Found a gate leading to a gauntlet.
 14905 | Gauntlet | Entered a Gauntlet
 14905 | Gauntlet | Found a transporter.
 14905 | Gauntlet | Found a transporter.
 14905 | Gauntlet | Found a transporter.
 14905 | Gauntlet | Found a transporter.
 14922 | Gauntlet | Found a transporter.
 14929 | Gauntlet | Found a transporter.
 14934 | Gauntlet | Found a transporter.
 14935 | Gauntlet | Found a transporter.
 14964 | Gauntlet | Found a transporter.
 14984 | Gauntlet | Found a transporter.
 15074 | Gauntlet | Found a transporter.
 15084 | Gauntlet | Found a transporter.
 15625 | Gauntlet | Identified the ring "Likhleher" {Will+ Int+6}
 15640 | Gauntlet | Reached skill level 10 in Transmutations
 15740 | Gauntlet | Reached skill level 1 in Unarmed Combat
 15879 | Gauntlet | Identified the +5 halberd of the Hungering Wasp {vorpal,
                  | rElec}
 15879 | Gauntlet | Noticed a minotaur
 15896 | Gauntlet | Killed a minotaur
 16225 | Gauntlet | Received a gift from Sif Muna
 16384 | Lair:2   | Found a staircase to the Snake Pit.
 17345 | Lair:3   | Noticed Fannar
 17348 | Lair:3   | Reached XP level 13. HP: 106/107 MP: 9/24
 17354 | Lair:3   | Killed Fannar
 17501 | Lair:3   | Found a shadowy altar of Dithmenos.
 17542 | Lair:3   | Found a staircase to the Swamp.
 17649 | Lair:3   | Learned a level 7 spell: Storm Form
 17800 | Lair:3   | Noticed Urug
 17813 | Lair:3   | Killed Urug
 17851 | Lair:3   | Reached skill level 11 in Air Magic
 18024 | Lair:3   | Received a gift from Sif Muna
 18025 | Lair:3   | Got Sif Muna's Guide on the Kinetic Welkin {god gift}
 19624 | Lair:4   | Identified the +8 short sword of Disadyupn {vorpal, *Noise
                  | rC++ Dex+3}
 19686 | Lair:4   | Reached skill level 10 in Spellcasting
 20509 | Lair:5   | Entered Level 5 of the Lair of Beasts
 20520 | Lair:5   | Reached skill level 12 in Air Magic
 20570 | Lair:5   | Reached XP level 14. HP: 89/115 MP: 21/28
 20930 | Lair:5   | Reached skill level 13 in Air Magic
 20943 | Lair:5   | Received a gift from Sif Muna
 20943 | Lair:5   | HP: 3/115 [komodo dragon (17)]
 20943 | Lair:5   | Slain by a fire crab

Illustrated notes

Levels and vault maps discovered:
D:1:      roderic_octagonal_star, layout_basic,
          shapermc_ecumenical_altar_acropolis
D:2:      minmay_angry_zag, layout_basic, serial_co_window_serial,
          co_window_of_opportunity_a, co_window_cross_1, co_window_corner_a,
          co_window_paths_a, co_window_paths_b, co_window_broadway_c,
          co_window_broadway_a, co_window_corner_ca, co_window_broadway_b,
          glass_columns_b, glass_columns_a, glass_columns_b, uniq_jessica
D:3:      layout_loops_ring
D:4:      layout_basic, portal_sewer_entry_a, eino_tiny_chamber,
          hangedman_decor_points, uniq_crazy_yiuf_cottage, uniq_edmund
D:5:      layout_gridville, minmay_temple_entry_statues_pillars,
          grunt_decor_arrowhead, minmay_strange_pillars, uniq_eustachio,
          uniq_ijyb
D:6:      minmay_bubble_buster, layout_loops_corners
D:7:      layout_basic, gammafunk_temple_overflow_pools, minmay_misc_feat_five,
          serial_bayou_ford_a, minmay_misc_feat_roman, uniq_pikel
D:8:      layout_loops_ring, trog_hazing_becter, nicolae_vehumet_radiance,
          ebering_ghost_reflecting_pool, eino_tiny_chamber
D:9:      minmay_bloctagon_deflated, layout_irregular_city,
          due_lair_maze_entry_diamond, nicolae_concentric_dashed_squares_mild,
          st_stairs_4, minmay_unpleasant_kobolds, uniq_gastronok
D:10:     layout_gridville, beargit_hepliaklqana_dungeon_heroes, uniq_josephine,
          uniq_maggie
Temple:   sentei_temple_godly_chess
Lair:1:   layout_cave_pods, grunt_megastairs_3, uniq_amaemon
Lair:2:   layout_roguey, minmay_snake_entry_guardpost_small,
          gauntlet_entry_generic
Lair:3:   layout_chaotic_city, swamp_mist, basic_altar,
          grunt_forest_large_clearing_hut, uniq_fannar, uniq_urug
Lair:4:   layout_roguey, nicolae_quartered_pool_medium,
          chequers_serial_rivers_micro_c, roderic_batcave, grunt_megastairs_5
Lair:5:   cheibrodos_lair_end_hotspot, layout_hall_layers,
          minmay_slime_entry_pillars, nicolae_lair_lakeside_cave

Skill      XL: |  1  2  3  4  5  6  7  8  9 10 11 12 13 14 |
---------------+-------------------------------------------+-----
Conjurations   | 2 3 4 6 8 9 |  9.0
Fighting       | 1 2 3 4 5 6 7 8 |  8.0
Dodging        | 2 3 4 |  4.0
Stealth        | 2 |  2.0
Polearms       | 1 2 3 4 |  4.0
Spellcasting   | 3 4 5 7 10 | 10.0
Hexes          | 4 |  4.0
Invocations    | 3 5 7 |  7.0
Transmutations | 5 7 10 12 | 12.0
Shields        | 3 4 |  4.0
Summonings     | 2 4 |  4.0
Air Magic      | 4 10 12 13 | 13.0
Unarmed Combat | 3 |  3.3

Action                   |  1- 3 |  4- 6 |  7- 9 | 10-12 | 13-15 || total
-------------------------+-------+-------+-------+-------+-------++-------
Melee: Dagger            |    10 |       |       |       |       ||    10
       Mace              |     2 |       |       |       |       ||     2
       Tailslap          |     2 |     9 |    13 |    50 |    34 ||   108
       Spear             |    25 |   116 |   113 |    14 |       ||   268
       Staff             |       |       |     9 |    22 |     1 ||    32
       Trident           |       |       |       |   252 |   186 ||   438
Throw: Boomerang         |     4 |       |       |       |       ||     4
       Dart              |       |       |     2 |     3 |       ||     5
 Cast: Shock             |    31 |    48 |    43 |     7 |       ||   129
       Static Discharge  |       |     6 |    30 |    22 |       ||    58
       Searing Ray       |       |     3 |    23 |     5 |       ||    31
       Fulminant Prism   |       |       |     9 |    35 |    11 ||    55
       Irradiate         |       |       |       |    34 |    26 ||    60
       Airstrike         |       |       |       |    28 |     9 ||    37
       Summon Lightning  |       |       |       |    24 |    19 ||    43
       Wereblood         |       |       |       |     9 |     3 ||    12
 Abil: Breathe Dispellin |       |       |     2 |     3 |       ||     5
Evoke: Wand              |       |       |       |     6 |       ||     6
  Use: Potion            |       |     2 |       |     8 |     3 ||    13
       Scroll            |       |     9 |    14 |    17 |     5 ||    45
 Stab: Sleeping          |     2 |     6 |     3 |     1 |     3 ||    15
       Paralysed         |       |       |       |     5 |       ||     5
       Distracted        |       |       |       |     4 |     1 ||     5
Armor: Skin              |    12 |    42 |    55 |   141 |    97 ||   347
Dodge: Dodged            |    15 |    57 |    88 |   208 |   149 ||   517
Block: Buckler           |       |    13 |    30 |   117 |   119 ||   279
